 Dungeon Crawl Stone Soup version 0.30-a0-777-ga9a30cbeda (console) character file.

Game seed: 17817569497244987288

103 rlgrobin the Insei (level 4, -2/35 HPs)
             Began as a Mummy Monk on Feb 14, 2023.
             Slain by a kobold brigand
             ... wielding a +0 club
              (5 damage)
             ... in a sewer.
             The game lasted 00:06:43 (3124 turns).

rlgrobin the Insei (Mummy Monk)                     Turns: 3124, Time: 00:06:44

Health: -2/35      AC:  1    Str: 14    XL:     4   Next: 51%
Magic:  13/13      EV: 12    Int:  9    God:
Gold:   114        SH:  0    Dex: 16    Spells: 3/3 levels left

rFire   x . .      SeeInvis +      - Unarmed
rCold   + . .      Faith    +    (no shield)
rNeg    + + +      Spirit   .    (no body armour)
rPois   ∞          Reflect  .    b - +0 helmet
rElec   .          Harm     .    (no cloak)
rCorr   .          Rampage  .    (no gloves)
Will    .....                    (no boots)
Stlth   ++                       (no amulet)
HPRegen 0.25/turn                f - ring of see invisible
MPRegen 0.13/turn                h - ring of magical power

@: no status effects
A: cold resistance 1, negative energy resistance 3, torment resistance 2, heat
vulnerability 1, in touch with death 1, no potions, faith
a: no special abilities


You were in a sewer.
You visited 1 branch of the dungeon, and saw 4 of its levels.
You also visited: Sewer.

You collected 114 gold pieces.

Inventory:

Armour
 b - a +0 helmet (worn)
Jewellery
 f - a ring of see invisible (left hand)
 h - a ring of magical power (right hand)
Scrolls
 a - 2 scrolls of identify
 d - a scroll of blinking
 e - 4 scrolls of teleportation
 g - a scroll of fear


   Skills:
 - Level 3.0 Fighting
 - Level 2.4 Dodging
 - Level 1.5 Stealth
 + Level 4.4 Unarmed Combat


You had 3 spell levels left.
You didn't know any spells.
Your spell library contained the following spells:

 Spells                   Type           Power      Damage    Failure   Level
 Slow                     Hex            0%         N/A       38%         1
 Confusing Touch          Hex            0%         N/A       77%         3
 Vampiric Draining        Necr           0%         2d6       77%         3


Dungeon Overview and Level Annotations

Branches:
Dungeon (4/15)              Sewer (1/1)
 Temple: D:4-7

Altars:


Innate Abilities, Weirdness & Mutations

You are immune to poison.
Your flesh is cold resistant. (rC+)
You are immune to negative energy. (rN+++)
You are immune to unholy pain and torment.
You are vulnerable to heat. (rF-)
You are in touch with the powers of death.
You do not drink.
You have a special connection with the divine. (Faith)


Message History

The kobold brigand hits you with a +0 club!
The kobold barely misses you. x2
You hit the kobold brigand but do no damage.
The kobold brigand is heavily wounded.
The kobold brigand hits you with a +0 club.
The kobold misses you. The kobold closely misses you.
You are too injured to fight recklessly!
You are too injured to fight recklessly!
You closely miss the kobold brigand.
The kobold brigand is heavily wounded.
The kobold brigand hits you with a +0 club.
The kobold splashes around in the water.
The kobold barely misses you.
Press: ? - help, v - describe, . - travel
Here: a kobold brigand, wielding a +0 club and quivering poisoned darts (heavily wounded) Some shallow water.
You hit the kobold brigand but do no damage.
The kobold brigand is heavily wounded.
The kobold brigand splashes around in the water.
The kobold splashes around in the water.
The kobold closely misses you.
You hit the kobold brigand.
The kobold brigand is severely wounded.
The kobold brigand splashes around in the water.
You closely miss the kobold brigand.
The kobold brigand is severely wounded.
The kobold hits you with a +0 short sword.
* * * LOW HITPOINT WARNING * * *
The kobold misses you.
The kobold brigand hits you with a +0 club.
* * * LOW HITPOINT WARNING * * *
You barely miss the kobold brigand.
The kobold brigand is severely wounded.
The kobold hits you with a +0 short sword.
* * * LOW HITPOINT WARNING * * *
The kobold completely misses you.
You barely miss the kobold brigand.
The kobold brigand is severely wounded.
The kobold brigand hits you with a +0 club.
You die...

...~K~P~~~~~P~~.. .~
...~KP~~K~~~~~P.. ~~~
#######~~~~##########~~~#########
~~~~~~~~~~~~~~~~~~~~~~~~~~~~~~~~~
≈~≈≈≈≈≈~≈≈≈≈≈~≈≈≈≈≈~≈≈≈≈≈~≈≈≈≈≈~≈
~~~~~~~~~~~~~~~~~~~~~~~~~~~~~~~~~
####~#######~#~############~~####
P~~~~P~~..P~~P~KK........~P~~P.#.
..~~~~~~...~P~~K@........~~~~..÷.
..P~~.......~.~..............))))
......†............P.........).#.
.............................####
.................####.....##.#
...............P## ##########
###............## ###.####..####
### ####


You could see a kobold brigand and 2 kobolds.

Vanquished Creatures
  2 adders
  An ufetubus (D:4)
  2 worms
  A dart slug (D:3)
  5 orcs (D:3)
  6 ball pythons
  7 endoplasms
  3 giant cockroaches
  4 goblins
  7 hobgoblins
  13 kobolds
  6 bats
  3 frilled lizards
  6 rats
66 creatures vanquished.

Vanquished Creatures (others)
  A fungus (Sewer)
  5 plants
6 creatures vanquished.

Grand Total: 72 creatures vanquished

Notes
Turn   | Place    | Note
-------+----------+-------------------------------------------
     0 | D:1      | rlgrobin the Mummy Monk began the quest for the Orb.
     0 | D:1      | Reached XP level 1. HP: 18/18 MP: 1/1
   363 | D:1      | Reached XP level 2. HP: 20/24 MP: 2/2
   366 | D:1      | Reached skill level 3 in Unarmed Combat
   418 | D:1      | Found a faded altar of an unknown god.
  1185 | D:2      | Gained mutation: You are in touch with the powers of death.
                  | [Mummy growth]
  1185 | D:2      | Reached XP level 3. HP: 19/29 MP: 3/3
  1864 | D:3      | Reached skill level 4 in Unarmed Combat
  2091 | D:3      | Reached XP level 4. HP: 31/35 MP: 4/4
  2625 | D:4      | Found a glowing drain.
  2687 | Sewer    | Entered a sewer
  2901 | Sewer    | Noticed a kobold brigand
  2964 | Sewer    | Noticed a kobold brigand
  3124 | Sewer    | Slain by a kobold brigand

Illustrated notes

Levels and vault maps discovered:
D:1:      dpeg_arrival_solitude, layout_basic, dreamdust_ecumenical_altar_grove,
          serial_bayou_pond_a
D:2:      layout_rooms, roderic_lattice_a, minmay_misc_feat_iff
D:3:      layout_rooms
D:4:      layout_basic, lemuel_doored_altar, cheibrodos_sewer_entry_drain,
          kennysheep_dice
Sewer:    kennysheep_pipe_town

Skill      XL: |  1  2  3 |
---------------+----------+-----
Unarmed Combat | 3 4 |  4.4
Fighting       | |  3.0
Dodging        | |  2.4
Stealth        | |  1.5

Action                     |  1- 3 |  4- 6 || total
---------------------------+-------+-------++-------
  Melee: Unarmed           |   168 |   108 ||   276
         Punch             |     7 |     6 ||    13
    Use: Scroll            |       |     5 ||     5
   Stab: Sleeping          |     6 |     2 ||     8
 Armour: Skin              |    16 |    14 ||    30
  Dodge: Dodged            |    70 |   112 ||   182

Table legend: (Time is in decaauts)
 A = Elapsed time spent in this place.
 B = Non-inter-level travel time spent in this place.
 C = Inter-level travel time spent in this place.
 D = Time resting spent in this place.
 E = Time spent auto-exploring this place.
 F = Levels seen in this place.
 G = Mean time per level.
                   A        B        C        D        E       F      G
               +--------+--------+--------+--------+--------+-----+--------+
         Total |   3137 |   3068 |     69 |    705 |   1423 |   5 |  627.4 |
       Dungeon |   2676 |   2607 |     69 |    540 |   1422 |   4 |  669.0 |
         Sewer |    460 |    460 |      0 |    165 |      1 |   1 |  460.0 |
               +--------+--------+--------+--------+--------+-----+--------+

Top non-repeatable levels by time:
     D:1: 1115 daAuts
     D:2: 724 daAuts
     D:3: 595 daAuts
   Sewer: 460 daAuts
     D:4: 240 daAuts
